 Dungeon Crawl Stone Soup version 0.21-a0-471-gd587bd5 (webtiles) character file.

17760 Laiders the Basher (level 12, -1/111 HPs)
             Began as a Minotaur Berserker on Nov 22, 2017.
             Was an Elder of Trog.
             Shot with an arrow by Nessos (3 damage)
             ... on level 14 of the Dungeon.
             The game lasted 00:30:15 (12486 turns).

Laiders the Basher (Minotaur Berserker)            Turns: 12486, Time: 00:30:16

Health: -1/111     AC: 15    Str: 24    XL:     12   Next: 21%
Magic:  11/11      EV: 13    Int:  5    God:    Trog [****..]
Gold:   650        SH:  0    Dex: 12    Spells: 11/11 levels left

rFire    . . .     SeeInvis .   H - +3 morningstar
rCold    . . .     Gourm    .   (no shield)
rNeg     . . .     Faith    .   o - +0 chain mail {rPois}
rPois    +         Spirit   .   (helmet restricted)
rElec    .         Reflect  .   l - scarf {cloud immunity}
rCorr    .         Harm     .   (no gloves)
MR       ++...                  g - +2 pair of boots
Stlth    ..........             (no amulet)
HPRegen  1.28/turn              a - ring of flight
MPRegen  0.12/turn              (no ring)

@: berserk cooldown, very slightly contaminated, regenerating, slowed, very slow
A: retaliatory headbutt, horns 2
a: Berserk, Trog's Hand, Brothers in Arms, Burn Spellbooks, Renounce Religion,
Evoke Flight


You were on level 14 of the Dungeon.
You worshipped Trog.
Trog was greatly pleased with you.
You were very hungry.

You visited 1 branch of the dungeon, and saw 14 of its levels.

You collected 722 gold pieces.
You spent 72 gold pieces at shops.

Inventory:

Hand Weapons
 H - a +3 morningstar (weapon)
Armour
 g - a +2 pair of boots (worn)
 l - a scarf of cloud immunity (worn)
 o - a +0 chain mail of poison resistance (worn)
Jewellery
 a - a ring of flight (left hand)
Wands
 e - a wand of polymorph (16)
 h - a wand of acid (2)
 r - a wand of iceblast (11)
Scrolls
 i - 2 scrolls of fear
 s - a scroll of noise {unknown}
 t - a scroll of fog
 y - 6 scrolls of teleportation
 B - 3 scrolls of remove curse
 D - a scroll of silence {unknown}
 E - a scroll of magic mapping
 F - a scroll of torment {unknown}
 G - a scroll of immolation
Potions
 b - 2 potions of agility
 d - 4 potions of berserk rage
 f - 2 potions of resistance
 m - 3 potions of lignification
 q - a potion of mutation
 u - 3 potions of flight
 w - a potion of brilliance
 x - 2 potions of curing
Miscellaneous
 z - a lightning rod (4/4)
Comestibles
 c - 6 bread rations
 j - 5 chunks of flesh
 k - 3 meat rations
 n - 8 fruits
 p - a royal jelly


   Skills:
 + Level 11.7 Fighting
 - Level 14.0 Maces & Flails
 + Level 11.5 Armour
 + Level 10.6 Dodging


You had 11 spell levels left.
You didn't know any spells.

Dungeon Overview and Level Annotations

Branches:
Dungeon (15/15)            Temple (0/1) D:5            Lair (0/6) D:8
    Orc (0/2) D:10
 Vaults: D:13-14     Depths: D:15

Altars:
Elyvilon
Gozag
Makhleb
Nemelex Xobeh
Okawaru
Sif Muna
Trog
Xom
Zin
Beogh

Shops:
D:4 ?   D:8 =   D:9 [:

Portals:
Ice
Cave: D:12

Annotations:
D:14 Nessos, Sonja


Innate Abilities, Weirdness & Mutations

You reflexively headbutt those who attack you in melee.
You have a pair of horns on your head.


Message History

The scroll dissolves into smoke.
* * * LOW HITPOINT WARNING * * *
You feel very sick.
Nessos blinks!
Okay, then.
Okay, then.
You feel better.
Nessos unwields an uncursed longbow of flaming.
It stops flaming.
Nessos hits you but does no damage. Nessos barely misses you. Nessos hits you.
* * * LOW HITPOINT WARNING * * *
Blink to where?
Press: ? - help, Dir - move target cursor You are very lightly contaminated with residual magic.
As you read the scroll of blinking, it crumbles to dust.
Nessos wields an uncursed longbow of flaming.
It bursts into flame!
Nessos shoots an arrow.
The arrow hits you!
* * * LOW HITPOINT WARNING * * *
The arrow burns you.
You die...

# . . # ### # ..#
## #.# #.#######.
#.# ##.(.......
#@# .#########.
#...# .# #....
###.###§# #....
####(§§##### #....
#%§§§§c(§(c# ####.
#.########.######.
#. #........
#########


You could see Nessos.

Vanquished Creatures
  Josephine (D:11)
  A hydra (D:12)
  Fannar (D:11)
  Erica (D:8)
  A two-headed ogre (D:11)
  The ghost of Daviar the Destroyer, a novice GnCj of Ashenzari (D:8)
  The ghost of anet the Shield-Bearer, a novice GrWz of Ashenzari (D:9)
  2 unseen horrors (D:11)
  2 manticores
  A cyclops (D:11)
  Joseph (D:9)
  The ghost of Salmacis the Cleaver, a novice DsFi (D:4)
  A gargoyle (D:15)
  Prince Ribbit (D:5)
  2 hornets
  2 shadows (D:11)
  3 wraiths (D:11)
  15 yaks
  A wyvern (D:11)
  2 hungry ghosts
  A soldier ant (D:11)
  A water moccasin (D:11)
  2 sky beasts
  4 orc warriors
  10 ice beasts
  A phantom (D:11)
  7 ogres
  A necrophage (D:11)
  An eye of draining (D:12)
  3 centaurs
  5 bullfrogs
  8 scorpions
  A wyvern skeleton (D:14)
  8 killer bees
  3 howler monkeys (D:11)
  5 electric eels (D:10)
  A bullfrog zombie (D:11)
  3 jellies
  4 crimson imps
  4 bullfrog skeletons
  A gnoll shaman (D:7)
  3 centaur skeletons
  3 hounds
  5 orc priests
  Jessica (D:2)
  4 iguanas
  8 orc wizards
  12 worker ants
  A killer bee zombie (D:5)
  3 hound skeletons
  2 hound zombies
  7 gnolls
  17 adders
  A shadow imp (D:6)
  An adder skeleton (D:4)
  3 worms
  6 dart slugs
  5 leopard geckos
  59 orcs
  6 giant cockroaches
  3 goblins
  5 hobgoblins
  15 jackals
  5 quokkas
  2 ball pythons
  A ball python skeleton (D:4)
  A bat (D:2)
  10 frilled lizards
  A jackal skeleton (D:8)
  9 kobolds
  A leopard gecko skeleton (D:4)
  A quokka skeleton (D:6)
  12 rats
  A plant (D:10)
329 creatures vanquished.

Vanquished Creatures (collateral kills)
  A deep elf mage (D:15)
  A yak (D:9)
  An eye of draining (D:15)
  A bullfrog (D:14)
  An orc priest (D:11)
5 creatures vanquished.

Vanquished Creatures (others)
  A bullfrog (D:12)
1 creature vanquished.

Grand Total: 335 creatures vanquished

Notes
Turn   | Place    | Note
-------+----------+-------------------------------------------
     0 | D:1      | Laiders the Minotaur Berserker began the quest for the Orb.
     0 | D:1      | Reached XP level 1. HP: 19/19 MP: 0/0
    72 | D:1      | Reached skill level 4 in Maces & Flails
   143 | D:1      | Reached XP level 2. HP: 25/26 MP: 1/1
   694 | D:2      | Found a white marble altar of Elyvilon.
   700 | D:2      | Reached skill level 5 in Maces & Flails
   774 | D:2      | Reached XP level 3. HP: 24/31 MP: 2/2
  1023 | D:2      | Reached ** piety under Trog
  1039 | D:2      | Reached skill level 6 in Maces & Flails
  1039 | D:2      | Reached XP level 4. HP: 35/39 MP: 3/3
  1133 | D:2      | Noticed Jessica
  1157 | D:2      | Killed Jessica
  1427 | D:2      | Found a sparkling altar of Nemelex Xobeh.
  1428 | D:2      | Found an opulent altar of Gozag.
  1780 | D:3      | Reached skill level 7 in Maces & Flails
  1780 | D:3      | Reached XP level 5. HP: 45/45 MP: 4/4
  1973 | D:3      | Found a burning altar of Makhleb.
  2109 | D:3      | Reached skill level 8 in Maces & Flails
  2431 | D:3      | Reached XP level 6. HP: 51/51 MP: 5/5
  2568 | D:4      | Reached skill level 9 in Maces & Flails
  2571 | D:4      | Noticed Salmacis's ghost (novice DsFi)
  2585 | D:4      | Killed Salmacis's ghost
  2585 | D:4      | Reached skill level 10 in Maces & Flails
  2585 | D:4      | Reached XP level 7. HP: 56/57 MP: 6/6
  2745 | D:4      | Reached *** piety under Trog
  3062 | D:4      | Found Jaukeih's Magic Scroll Shoppe.
  3290 | D:4      | Bought a scroll of remove curse for 36 gold pieces
  3290 | D:4      | Bought a scroll of remove curse for 36 gold pieces
  3346 | D:5      | Entered Level 5 of the Dungeon
  3405 | D:5      | Noticed Prince Ribbit
  3418 | D:5      | Killed Prince Ribbit
  3418 | D:5      | Reached skill level 11 in Maces & Flails
  3541 | D:5      | Reached XP level 8. HP: 58/64 MP: 7/7
  3556 | D:5      | Found a staircase to the Ecumenical Temple.
  3619 | D:5      | Found a shimmering altar of Xom.
  3619 | D:5      | Noticed an angel
  3620 | D:5      | Found a glowing silver altar of Zin.
  3884 | D:5      | Found a deep blue altar of Sif Muna.
  4091 | D:6      | Reached skill level 12 in Maces & Flails
  4487 | D:6      | Reached skill level 13 in Maces & Flails
  5248 | D:7      | Reached XP level 9. HP: 61/70 MP: 8/8
  5439 | D:7      | Reached skill level 14 in Maces & Flails
  5798 | D:7      | Found an iron altar of Okawaru.
  5798 | D:7      | Found a bloodstained altar of Trog.
  6120 | D:8      | Noticed Erica
  6134 | D:8      | Killed Erica
  6134 | D:8      | Reached skill level 5 in Fighting
  6134 | D:8      | Reached skill level 5 in Armour
  6175 | D:8      | Found Dafan's Jewellery Shop.
  6263 | D:8      | Reached **** piety under Trog
  6316 | D:8      | Found a staircase to the Lair.
  6345 | D:8      | Noticed Daviar's ghost (novice GnCj)
  6363 | D:8      | Killed Daviar's ghost
  6363 | D:8      | Reached skill level 5 in Dodging
  6363 | D:8      | Reached XP level 10. HP: 84/84 MP: 9/9
  6467 | D:8      | Paralysed by a hornet for 1 turns
  6824 | D:9      | Noticed Joseph
  6853 | D:9      | Killed Joseph
  7070 | D:9      | Noticed anet's ghost (novice GrWz)
  7187 | D:9      | Killed anet's ghost
  7375 | D:9      | Found Hoju's Book Shop.
  7554 | D:9      | Found Hour's Armour Shoppe.
  7958 | D:10     | Entered Level 10 of the Dungeon
  9373 | D:10     | Found a roughly hewn altar of Beogh.
  9373 | D:10     | Found a staircase to the Orcish Mines.
  9967 | D:11     | Noticed Josephine
 10254 | D:11     | Killed Josephine
 10254 | D:11     | Reached XP level 11. HP: 97/97 MP: 10/10
 10638 | D:11     | Killed an unseen horror
 10849 | D:11     | Killed an unseen horror
 10849 | D:11     | Reached skill level 10 in Fighting
 10888 | D:11     | Noticed a two-headed ogre
 10897 | D:11     | Killed a two-headed ogre
 10897 | D:11     | Reached skill level 10 in Armour
 10987 | D:11     | Noticed Fannar
 10995 | D:11     | Killed Fannar
 11616 | D:12     | Noticed an eight-headed hydra
 11623 | D:12     | Killed an eight-headed hydra
 11623 | D:12     | Reached skill level 10 in Dodging
 11928 | D:12     | Found a frozen archway.
 11950 | D:12     | Reached XP level 12. HP: 94/110 MP: 4/11
 12149 | D:12     | You fall through a shaft for 3 floors!
 12149 | D:15     | Entered Level 15 of the Dungeon
 12346 | D:14     | Noticed Sonja
 12473 | D:14     | Noticed Nessos
 12483 | D:14     | HP: 5/111 [Nessos/arrow (1)]
 12486 | D:14     | HP: 2/111 [Nessos/arrow (12)]
 12486 | D:14     | Shot with an arrow by Nessos

Vault maps used:
D:1:      onia_arrival_mini_maze
D:2:      grunt_temple_overflow_opulence, elyvilon_altar_5, uniq_jessica
D:3:      minmay_diamond_boxcup, lemuel_coloured_pillars_altar
D:4:      serial_shops, nicolae_shop_statue_plus
D:5:      grunt_temple_overflow_order_and_chaos_1, led_sif_pool,
          minmay_temple_entry_enclosed_plants, first_bread, uniq_prince_ribbit1
D:7:      grunt_temple_overflow_bloody_war
D:8:      dpeg_oklobed_lair, serial_shops, shop, uniq_erica
D:9:      serial_shops, shop, shop, uniq_joseph
D:10:     david_orc_5, serial_bayou, serial_bayou_ford_a, serial_bayou_lake_a,
          serial_bayou_shore_b, serial_bayou_pond_c, serial_bayou_crossing
D:11:     uniq_josephine, uniq_fannar
D:12:     portal_ice_cave_entry_ice_beasts
D:14:     david_vaults_5, minmay_misc_feat_four_crosses, grunt_ogre_cave,
          uniq_sonja, uniq_nessos
D:15:     grunt_enter_depths_magical_seal, serial_shops, shop, enter_trove_3

Skill      XL: |  1  2  3  4  5  6  7  8  9 10 11 |
---------------+----------------------------------+-----
Maces & Flails | 4 5 6 7 8 10 11 13 14 | 14.0
Fighting       | 6 9 11 | 11.7
Armour         | 6 9 11 | 11.5
Dodging        | 5 8 10 | 10.6

Action                   |  1- 3 |  4- 6 |  7- 9 | 10-12 || total
-------------------------+-------+-------+-------+-------++-------
Melee: Mace              |    63 |    42 |     9 |       ||   114
       Headbutt          |     8 |    31 |    55 |   123 ||   217
       Whip              |       |   118 |    38 |       ||   156
       Flail             |       |       |   229 |   351 ||   580
       Morningstar       |       |       |       |   146 ||   146
Invok: Berserk           |       |     4 |     5 |     9 ||    18
       Trog's Hand       |       |     3 |     5 |     9 ||    17
       Burn Spellbooks   |       |       |     1 |     2 ||     3
       Brothers in Arms  |       |       |       |     6 ||     6
Evoke: Wand              |       |       |       |    10 ||    10
  Use: Scroll            |       |     8 |    10 |     9 ||    27
       Potion            |       |       |       |     2 ||     2
  Eat: Chunk             |       |     5 |    18 |    24 ||    47
       Bread ration      |       |     1 |       |     1 ||     2
       Meat ration       |       |       |       |     1 ||     1
       Royal jelly       |       |       |       |     1 ||     1
Armor: Ring mail         |     3 |       |       |       ||     3
       Chain mail        |    37 |   124 |   125 |   280 ||   566
Dodge: Dodged            |    27 |    94 |   101 |   315 ||   537

Table legend:
 A = Spawn XP
 B = Non-spawn XP
 C = Spawn XP percentage of total XP
 D = Spawn monster count
 E = Non-spawn monster count
 F = Spawn count percentage of total count
 G = Total turns spent on level
                    A         B        C        D         E        F      G
               +---------+---------+-------+---------+---------+-------+---------
         Total |       0 |   25372 |   0.0 |       0 |     334 |   0.0 | 12486
               +---------+---------+-------+---------+---------+-------+---------
           D:1 |       0 |      33 |   0.0 |       0 |      15 |   0.0 |   694
           D:2 |       0 |     152 |   0.0 |       0 |      23 |   0.0 |  1032
           D:3 |       0 |     195 |   0.0 |       0 |      44 |   0.0 |   765
           D:4 |       0 |     688 |   0.0 |       0 |      17 |   0.0 |   855
           D:5 |       0 |     611 |   0.0 |       0 |      15 |   0.0 |   715
           D:6 |       0 |    1017 |   0.0 |       0 |      19 |   0.0 |  1132
           D:7 |       0 |     650 |   0.0 |       0 |      22 |   0.0 |   648
           D:8 |       0 |    2605 |   0.0 |       0 |      20 |   0.0 |   860
           D:9 |       0 |    2920 |   0.0 |       0 |      17 |   0.0 |  1257
          D:10 |       0 |    1167 |   0.0 |       0 |      38 |   0.0 |  2282
          D:11 |       0 |    8821 |   0.0 |       0 |      60 |   0.0 |  1310
          D:12 |       0 |    3618 |   0.0 |       0 |      28 |   0.0 |   599
          D:14 |       0 |    1734 |   0.0 |       0 |      12 |   0.0 |   183
          D:15 |       0 |    1161 |   0.0 |       0 |       4 |   0.0 |   154
               +---------+---------+-------+---------+---------+-------+---------
